 Dungeon Crawl Stone Soup version 0.22.1 (webtiles) character file.

7909 MalarOregon the Cleaver (level 11, -5/82 (83) HPs)
             Began as a Hill Orc Fire Elementalist on Sept 18, 2018.
             Was an Elder of Hepliaklqana.
             Slain by a four-headed hydra (11 damage)
             ... on level 11 of the Dungeon.
             The game lasted 00:39:43 (13046 turns).

MalarOregon the Cleaver (HOFE)                     Turns: 13046, Time: 00:39:44

HP:   -5/82 (83)    AC:  6    Str: 12    XL:     11   Next: 22%
MP:   4/13          EV: 11    Int: 18    God:    Hepliaklqana [****..]
Gold: 264           SH: 10    Dex: 16    Spells: 1/13 levels left

rFire    . . .     SeeInvis +   B - +0 war axe
rCold    . . .     Gourm    .   v - +0 shield
rNeg     . . .     Faith    .   a - +0 robe
rPois    .         Spirit   .   g - +0 helmet
rElec    .         Reflect  .   Q - +0 cloak
rCorr    .         Harm     .   (no gloves)
MR       .....                  r - +0 pair of boots
Stlth    ++........             (no amulet)
HPRegen  0.23/turn              z - ring of see invisible
MPRegen  0.13/turn              O - +5 ring of dexterity

@: no status effects
A: reduced essence
a: Recall Ancestor, Ancestor Identity, Transference, Idealise, Renounce Religion


You were on level 11 of the Dungeon.
You worshipped Hepliaklqana.
Hepliaklqana was greatly pleased with you.
You were hungry.

You visited 1 branch of the dungeon, and saw 11 of its levels.

You collected 516 gold pieces.
You spent 252 gold pieces at shops.

Inventory:

Hand Weapons
 f - a +0 whip of draining
   (You took it off a kobold on level 1 of the Dungeon)
 B - a +0 war axe (weapon)
   (You took it off an orc on level 8 of the Dungeon)
Missiles
 G - a throwing net (quivered) {!f}
Armour
 a - a +0 robe (worn)
 g - a +0 helmet (worn)
   (You took it off Robin on level 2 of the Dungeon)
 r - a +0 pair of boots (worn)
   (You found it on level 3 of the Dungeon)
 v - a +0 shield (worn)
   (You found it on level 4 of the Dungeon)
 Q - a +0 cloak (worn)
   (You found it on level 5 of the Dungeon)
Jewellery
 o - an uncursed ring of protection from cold
   (You found it on level 7 of the Dungeon)
 z - a ring of see invisible (left hand)
   (You took it off a gnoll on level 6 of the Dungeon)
 M - an uncursed ring of magical power
   (You found it on level 9 of the Dungeon)
 O - a +5 ring of dexterity (right hand)
   (You found it on level 9 of the Dungeon)
 R - an uncursed amulet of regeneration {unknown}
   (You found it on level 9 of the Dungeon)
Wands
 d - a wand of iceblast (7)
   (You found it on level 9 of the Dungeon)
 t - a wand of flame (17)
   (You found it on level 8 of the Dungeon)
 u - a wand of paralysis (1)
   (You found it on level 5 of the Dungeon)
 I - a wand of polymorph (27)
   (You found it on level 7 of the Dungeon)
Scrolls
 b - a scroll of fog
 c - 7 scrolls of identify {@r1}
 h - 3 scrolls of remove curse {@r2}
 j - 2 scrolls of fear {unknown}
 k - 2 scrolls of noise {unknown}
 m - 2 scrolls of enchant armour {unknown}
 q - a scroll of amnesia {unknown}
 w - 2 scrolls of magic mapping
 y - a scroll of immolation {!r}
 C - a scroll of acquirement {unknown}
 D - 6 scrolls of teleportation {@r4}
 K - 4 scrolls of enchant weapon {unknown}
 P - a scroll of random uselessness {unknown}
Potions
 i - 2 potions of brilliance
 l - a potion of invisibility {unknown}
 n - 2 potions of might
 p - 3 potions of haste {@q3}
 s - a potion of mutation {unknown}
 A - a potion of agility {unknown}
 E - a potion of degeneration {unknown}
 F - a potion of resistance {unknown}
 H - 2 potions of lignification {!q}
 J - a potion of ambrosia {unknown}
 L - a potion of flight {unknown}
 N - a potion of magic {unknown}
Comestibles
 e - 23 rations {!d}
 x - a chunk of flesh


   Skills:
 + Level 7.6 Fighting
 * Level 10.4 Axes
 + Level 6.9 Armour
 + Level 2.3 Dodging
 - Level 1.5 Stealth
 * Level 6.4 Shields
 - Level 1.5 Spellcasting
 * Level 6.9 Conjurations
 * Level 8.3 Fire Magic
 + Level 2.0 Evocations


You had one spell level left.
You knew the following spells:

 Your Spells              Type           Power        Failure   Level  Hunger
a - Flame Tongue          Conj/Fire      ####.        2%          1    ##.....
b - Fireball              Conj/Fire      ####......   56%         5    ######.
q - Sticky Flame          Conj/Fire      ####....     24%         4    #####..
x - Throw Flame           Conj/Fire      ####..       3%          2    ###....

Your spell library contained the following spells:

 Spells                   Type           Power        Failure   Level  Hunger
 Magic Dart               Conj           ####         3%          1    ##.....
 Infusion                 Chrm           #...         50%         1    ##.....
 Conjure Flame            Conj/Fire      ####....     8%          3    ####...
 Inner Flame              Hex/Fire       ###.....     30%         3    ####...
 Mephitic Cloud           Conj/Pois/Air  #.......     54%         3    ####...
 Blink                    Tloc           N/A          65%         2    ###....
 Call Imp                 Summ           #.......     65%         2    ###....
 Slow                     Hex            #.......     65%         2    ###....
 Ozocubu's Armour         Chrm/Ice       #.......     86%         3    ####...
 Iskenderun's Battlesphe  Conj/Chrm      ##......     98%         5    ######.
 Excruciating Wounds      Chrm/Necr      #.........   100%        5    ######.
 Deflect Missiles         Chrm/Air       #.........   100%        6    #######


Dungeon Overview and Level Annotations

Branches:
Dungeon (11/15)            Temple (0/1) D:5            Lair (0/6) D:10
    Orc: D:9-12

Altars:
Fedhas
Gozag
Hepliaklqana
Kikubaaqudgha
Nemelex Xobeh

Shops:
D:5 *(=   D:6 *   D:7 (

Annotations:
D:2 Sigmund
D:6 exclusion: downstairs


Message History

You kill the orc!
You are feeling hungry.
Aim: an orc, wielding a war axe of pain The flame tongue hits the orc.
You kill the orc!
A four-headed hydra comes into view.
Aim: an orc wizard, wielding a dagger and wearing a robe (slightly transparent)
The flame tongue hits the orc wizard.
The four-headed hydra roars!
The orc wizard gestures at you while chanting.
The puff of flame hits you!
Aim: an orc wizard, wielding a dagger and wearing a robe (lightly wounded, The flame tongue hits the orc wizard.
You kill the orc wizard!
Aim: an orc, wielding an enchanted falchion The flame tongue hits the orc.
You kill the orc!
Aim: a four-headed hydra The flame tongue hits the four-headed hydra.
What are your orders? t - Shout!
Orders for allies: a - Attack new target. p - Attack previous target. r - Retreat! s - Stop attacking. g - Guard the area. f - Follow me.
Anything else - Cancel.
Gang up on whom?
Aim: a four-headed hydra (lightly wounded) Attack!
Aim: a four-headed hydra (lightly wounded)
The flame tongue hits the four-headed hydra.
The four-headed hydra bites you.
You block the four-headed hydra's attack.
The four-headed hydra barely misses you.
The four-headed hydra bites you.
Aim: a four-headed hydra (lightly wounded)
The flame tongue hits the four-headed hydra.
The four-headed hydra bites you. x2; The four-headed hydra bites you! x2
* * * LOW HITPOINT WARNING * * *
A worker ant comes into view.
The four-headed hydra bites you!
* * * LOW HITPOINT WARNING * * *
The four-headed hydra bites you!
* * * LOW HITPOINT WARNING * * *
You block the four-headed hydra's attack.
The four-headed hydra bites you.
* * * LOW HITPOINT WARNING * * *
The four-headed hydra bites you.
* * * LOW HITPOINT WARNING * * *
The four-headed hydra bites you!
You die...

#.# .# #.# .#
#.# .# #.# .#
# #R# .# #..
#.# a#
.....##.###.#
.....)).RD..#
.....####@###
#...
#%....... ###
#########


You could see the friendly Chakide the knight, a four-headed hydra and a worker
ant.

Vanquished Creatures
  Erica (D:9)
  Psyche (D:9)
  A human (D:7)
  2 yaks (D:9)
  Duvessa (D:4)
  An ice beast (D:7)
  3 sky beasts
  6 ogres
  4 phantoms
  2 centaurs
  Dowan (D:4)
  A bullfrog (D:9)
  5 scorpions
  5 killer bees (D:10)
  2 wights (D:7)
  3 electric eels (D:7)
  A howler monkey (D:9)
  A crimson imp (D:9)
  2 bullfrog skeletons
  2 hounds
  5 orc priests
  2 centaur skeletons
  7 orc wizards
  7 worker ants
  Terence (D:2)
  A hound zombie (D:7)
  Robin (D:2)
  A gnoll (D:6)
  A river rat (D:4)
  17 adders
  2 shadow imps
  3 oozes
  An adder zombie (D:6)
  6 worms
  2 dart slugs (D:1)
  8 leopard geckos
  27 orcs
  5 giant cockroaches
  19 goblins
  18 hobgoblins
  3 quokkas
  4 ball pythons
  6 bats
  6 frilled lizards
  11 kobolds
  15 rats
224 creatures vanquished.

Vanquished Creatures (collateral kills)
  A troll (D:10)
  A hippogriff (D:9)
  A yak (D:9)
  4 hogs (D:7)
  2 phantoms (D:8)
  An orc warrior (D:10)
  An ice beast (D:8)
  3 ogres
  A necrophage (D:8)
  2 centaurs
  2 bullfrogs
  A wyvern zombie (D:8)
  A wyvern skeleton (D:8)
  5 killer bees (D:10)
  2 wights (D:7)
  2 howler monkeys
  A centaur zombie (D:9)
  2 orc priests (D:8)
  A crimson imp (D:8)
  3 orc wizards
  A worker ant (D:8)
  A hound skeleton (D:9)
  2 gnolls (D:6)
  2 river rats (D:4)
  An ooze (D:7)
  A leopard gecko (D:7)
  3 orcs (D:8)
  A goblin (D:10)
  A quokka (D:7)
50 creatures vanquished.

Grand Total: 274 creatures vanquished

Notes
Turn   | Place    | Note
-------+----------+-------------------------------------------
     0 | D:1      | MalarOregon the Hill Orc Fire Elementalist began the quest
                  | for the Orb.
     0 | D:1      | Reached XP level 1. HP: 14/14 MP: 3/3
   178 | D:1      | Reached XP level 2. HP: 14/22 MP: 4/4
   322 | D:1      | Reached skill level 1 in Fighting
   473 | D:1      | Reached skill level 1 in Armour
   764 | D:1      | Reached XP level 3. HP: 21/28 MP: 5/5
  1301 | D:2      | Noticed Terence
  1325 | D:2      | Killed Terence
  1325 | D:2      | Reached XP level 4. HP: 23/36 MP: 4/6
  1618 | D:2      | Noticed Robin
  1923 | D:2      | Killed Robin
  2173 | D:2      | Reached XP level 5. HP: 41/42 MP: 2/7
  2386 | D:2      | Noticed Sigmund
  3055 | D:3      | Reached XP level 6. HP: 51/51 MP: 1/8
  3643 | D:4      | Noticed a phantom
  3665 | D:4      | Killed a phantom
  3665 | D:4      | Reached skill level 1 in Axes
  3728 | D:4      | Reached skill level 2 in Axes
  3803 | D:4      | Noticed Duvessa
  3805 | D:4      | Noticed Dowan
  3814 | D:4      | Killed Duvessa
  3814 | D:4      | Reached skill level 5 in Fire Magic
  3814 | D:4      | Reached XP level 7. HP: 39/58 MP: 5/9
  3818 | D:4      | Killed Dowan
  3818 | D:4      | Reached skill level 3 in Axes
  4283 | D:4      | Reached skill level 4 in Axes
  4360 | D:4      | Reached XP level 8. HP: 59/67 MP: 2/10
  4365 | D:4      | Found a blossoming altar of Fedhas.
  4365 | D:4      | Found a sparkling altar of Nemelex Xobeh.
  4365 | D:4      | Found an opulent altar of Gozag.
  4509 | D:4      | Found a hazy altar of Hepliaklqana.
  4520 | D:4      | Became a worshipper of Hepliaklqana the Forgotten
  4702 | D:5      | Entered Level 5 of the Dungeon
  4715 | D:5      | Found Daetuir's Jewellery Shoppe.
  4813 | D:5      | Reached skill level 5 in Axes
  4965 | D:5      | Found Lakhiut's Assorted Antiques.
  4975 | D:5      | Bought a scroll labeled JOZENK NACS for 21 gold pieces
  4975 | D:5      | Bought a spiked ring mail for 189 gold pieces
  4975 | D:5      | Bought a scroll labeled YBUORO CIZAOH for 21 gold pieces
  5144 | D:5      | Reached * piety under Hepliaklqana
  5154 | D:5      | Found Wasuir Vace's Weapon Shop.
  5265 | D:5      | Found a staircase to the Ecumenical Temple.
  5417 | D:5      | Reached skill level 1 in Shields
  5620 | D:6      | Reached skill level 5 in Fighting
  5675 | D:6      | Found an ancient bone altar of Kikubaaqudgha.
  5800 | D:6      | Reached skill level 6 in Axes
  5904 | D:6      | Reached ** piety under Hepliaklqana
  5905 | D:6      | Remembered your ancestor Chakide as a knight
  5929 | D:6      | Found Lidd's General Store.
  5938 | D:6      | Reached skill level 5 in Armour
  5938 | D:6      | Reached XP level 9. HP: 66/66 MP: 5/11
  6305 | D:5      | Bought a scroll labeled NIG HESINTOUL for 21 gold pieces
  6778 | D:7      | Reached skill level 7 in Axes
  6937 | D:7      | Found Qovina's Weapon Shop.
  6958 | D:7      | Identified the cursed +0 ring mail "Qufasaps" {-Cast Int+6}
                  | (You bought it in a shop on level 5 of the Dungeon)
  6972 | D:7      | Learned a level 2 spell: Throw Flame
  6977 | D:7      | Learned a level 4 spell: Sticky Flame
  7208 | D:7      | Reached skill level 5 in Conjurations
  7359 | D:7      | Reached skill level 8 in Axes
  8319 | D:8      | Reached XP level 10. HP: 75/75 MP: 12/12
  8413 | D:8      | Reached *** piety under Hepliaklqana
  8565 | D:8      | Reached skill level 9 in Axes
  9488 | D:8      | Reached skill level 5 in Shields
  9806 | D:9      | Identified the Grimoire of Aid
 10405 | D:9      | Learned a level 5 spell: Fireball
 10914 | D:9      | Noticed Psyche
 10918 | D:9      | Noticed Erica
 10934 | D:9      | Killed Psyche
 10955 | D:9      | Killed Erica
 10955 | D:9      | Reached skill level 10 in Axes
 10955 | D:9      | Reached skill level 1 in Evocations
 11407 | D:10     | Entered Level 10 of the Dungeon
 11426 | D:10     | Reached XP level 11. HP: 45/81 MP: 0/13
 12402 | D:10     | Found a staircase to the Lair.
 12404 | D:10     | Reached **** piety under Hepliaklqana
 13035 | D:11     | Noticed a four-headed hydra
 13046 | D:11     | Slain by a four-headed hydra

Skill      XL: |  1  2  3  4  5  6  7  8  9 10 11 |
---------------+----------------------------------+-----
Fighting       | 1 2 3 4 5 6 7 |  7.6
Armour         | 1 2 3 4 5 6 |  6.9
Conjurations   | 2 3 4 5 6 |  6.9
Fire Magic     | 4 5 6 7 8 |  8.3
Axes           | 2 4 6 8 10 | 10.4
Shields        | 2 4 6 |  6.4
Dodging        | 2 |  2.3
Evocations     | 1 2 |  2.0
Stealth        | |  1.5
Spellcasting   | |  1.5

Action                   |  1- 3 |  4- 6 |  7- 9 | 10-12 || total
-------------------------+-------+-------+-------+-------++-------
Melee: Whip              |    76 |   130 |       |       ||   206
       Hand axe          |       |    11 |   102 |    35 ||   148
       War axe           |       |       |       |   161 ||   161
Throw: Throwing net      |       |       |       |     1 ||     1
 Cast: Flame Tongue      |    10 |   124 |   155 |   101 ||   390
       Throw Flame       |       |       |     7 |    17 ||    24
       Sticky Flame      |       |       |       |     8 ||     8
Invok: Ancestor Life: Kn |       |       |     1 |       ||     1
       Recall Ancestor   |       |       |       |     1 ||     1
Evoke: Wand              |       |     1 |     3 |     6 ||    10
  Use: Scroll            |       |       |     9 |     2 ||    11
       Potion            |       |       |       |     1 ||     1
 Stab: Sleeping          |     1 |     3 |       |     1 ||     5
       Distracted        |       |       |       |     2 ||     2
       Paralysed         |       |       |       |     2 ||     2
  Eat: Chunk             |     1 |    12 |    18 |    14 ||    45
       Ration            |       |       |       |     2 ||     2
Armor: Robe              |    11 |    36 |    39 |    45 ||   131
       Skin              |       |       |       |     6 ||     6
Dodge: Dodged            |    37 |   138 |   129 |    85 ||   389
Block: Shield            |       |       |     4 |   115 ||   119
